 Dungeon Crawl Stone Soup version 0.18-a0-1514-g6ed9364 (webtiles) character file.

459 dorian the Chopper (level 7, -6/57 HPs)
             Began as a Hill Orc Abyssal Knight on Mar 6, 2016.
             Was a Priest of Lugonu.
             Mangled by an orc wizard
             ... wielding a +1 dagger of electrocution
              (18 damage)
             ... on level 5 of the Dungeon.
             The game lasted 00:10:25 (4041 turns).

dorian the Chopper (Hill Orc Abyssal Knight)        Turns: 4041, Time: 00:10:25

Health: -6/57      AC: 14    Str: 16    XL:     7   Next: 6%
Magic:  10/12      EV:  7    Int: 13    God:    Lugonu [***...]
Gold:   245        SH:  0    Dex: 10    Spells: 0 memorised, 6 levels left

rFire  . . .     SeeInvis .     h - +1 hand axe (chop)
rCold  . . .     Gourm    .     F - +0 shadow dragon armour
rNeg   . . .     Faith    .     (no shield)
rPois  .         Spirit   .     (no helmet)
rElec  .         Dismiss  .     (no cloak)
rCorr  .         Reflect  .     G - +2 pair of gloves
SustAt .         Harm     .     (no boots)
MR     .....                    D - amulet of magic regeneration
Stlth  ++........               (no ring)
                                d - ring of wizardry

@: not resistant to hostile enchantments, unstealthy
A: no striking features
a: Depart the Abyss, Bend Space, Banish, Renounce Religion, Convert to Beogh


You were on level 5 of the Dungeon.
You worshipped Lugonu.
Lugonu was most pleased with you.
You were not hungry.

You visited 1 branch of the dungeon, and saw 5 of its levels.
You visited the Abyss 1 time.

You collected 245 gold pieces.

Inventory:

Hand Weapons
 a - a +1 hand axe
 h - a +1 hand axe of chopping (weapon)
Missiles
 e - 2 javelins of penetration (quivered)
 C - 4 poisoned tomahawks
Armour
 b - a +0 leather armour
 p - a +0 scale mail
 s - a +2 animal skin
 F - a +0 shadow dragon armour (worn)
 G - a +2 pair of gloves (worn)
Jewellery
 d - a ring of wizardry (left hand)
 D - an amulet of magic regeneration (around neck)
Scrolls
 g - 2 scrolls of magic mapping
 j - a scroll of remove curse
 x - 2 scrolls of identify {unknown}
 y - a scroll of enchant weapon {unknown}
 E - a scroll of immolation {unknown}
 H - a scroll of teleportation {unknown}
Potions
 f - 3 potions of degeneration {unknown}
 l - 2 potions of magic {unknown}
 n - a potion of agility
 r - a potion of mutation {unknown}
 t - 2 potions of brilliance {unknown}
 v - a potion of curing {unknown}
 w - 2 potions of flight {unknown}
 A - a potion of cancellation {unknown}
 B - 2 potions of heal wounds {unknown}
Comestibles
 c - 3 bread rations
 i - 2 slices of pizza
 m - 3 meat rations
 z - 3 fruits


   Skills:
 - Level 3.6 Fighting
 + Level 6.8 Axes
 - Level 3.2 Armour
 - Level 0.7 Dodging
 + Level 6.6 Invocations


You had 6 spell levels left.
You didn't know any spells.

Dungeon Overview and Level Annotations

Branches:
Dungeon (5/15)
 Temple: D:4-7

Altars:
Elyvilon
Fedhas
Kikubaaqudgha
Xom

Annotations:
Abyss:1 Grinder


Message History

Lugonu accepts your kill.
You hit the orc priest but do no damage.
You hit the orc wizard but do no damage.
The orc wizard barely misses you.
The orc priest hits you but does no damage.
You hit the orc priest but do no damage.
You hit the orc wizard but do no damage.
The orc priest shouts, "Join the one true god or die!"
The orc wizard hits you but does no damage.
You are electrocuted!
* * * LOW HITPOINT WARNING * * *
The orc priest hits you with a mace.
* * * LOW HITPOINT WARNING * * *
An orc priest comes into view. It is wielding a flail.
Press: ? - help, Shift-Dir - straight line, f - orc priest
Aim: an orc priest, wielding a mace and wearing a scale mail (chance to defeat MR: 80%)
You fail to use your ability.
The orc wizard hits you but does no damage.
You are electrocuted!
You die...

.#. ### ..oo
##... ....
...#.######..
#.........o###
#.........ยง..##.
#.....!.........
#.......oo#####
#........@#
#.........#
........###
#######.. ###


You could see 2 orc priests and an orc wizard.

Vanquished Creatures
  A hound (D:4)
  2 orc priests
  2 orc wizards (D:4)
  Robin (D:2)
  A howler monkey skeleton (D:5)
  5 adders
  A worm (D:2)
  A dart slug (D:3)
  6 giant geckos
  5 orcs
  15 bats
  A giant cockroach (D:2)
  24 goblins
  8 hobgoblins
  12 jackals
  4 quokkas
  5 giant newts
  13 kobolds
  9 rats
116 creatures vanquished.

Vanquished Creatures (others)
  An orc priest (D:5)
  An orc wizard (D:4)
  An orc (D:4)
3 creatures vanquished.

Grand Total: 119 creatures vanquished

Notes
Turn   | Place    | Note
--------------------------------------------------------------
     0 | Abyss:1  | dorian the Hill Orc Abyssal Knight began the quest for the Orb.
     0 | Abyss:1  | Reached XP level 1. HP: 19/19 MP: 2/2
   101 | Abyss:1  | Noticed a giant orange brain
   102 | D:1      | Escaped the Abyss
   205 | D:1      | Reached XP level 2. HP: 10/26 MP: 4/4
   220 | D:1      | Reached * piety under Lugonu
   513 | D:1      | Reached XP level 3. HP: 21/31 MP: 5/5
   994 | D:2      | Reached ** piety under Lugonu
  1004 | D:2      | Found an ancient bone altar of Kikubaaqudgha.
  1397 | D:2      | Reached XP level 4. HP: 37/39 MP: 6/6
  1621 | D:2      | Noticed Robin
  1655 | D:2      | Reached *** piety under Lugonu
  1660 | D:2      | Killed Robin
  1854 | D:3      | Noticed Grinder
  1857 | D:3      | Banished Grinder
  1857 | D:3      | Reached skill level 5 in Axes
  1857 | D:3      | Reached skill level 5 in Invocations
  1857 | D:3      | Reached XP level 5. HP: 45/45 MP: 8/8
  1990 | D:3      | Reached XP level 6. HP: 47/51 MP: 10/10
  2078 | D:3      | Found a shimmering altar of Xom.
  2751 | D:3      | Found a blossoming altar of Fedhas.
  3464 | D:4      | Found a white marble altar of Elyvilon.
  3717 | D:4      | Reached **** piety under Lugonu
  3740 | D:4      | Reached XP level 7. HP: 16/57 MP: 11/11
  4025 | D:5      | Entered Level 5 of the Dungeon
  4041 | D:5      | Mangled by an orc wizard

Vault maps used:
D:1:      roderic_chinese_lattice_arrival
D:2:      kennysheep_goblin_castle, kiku_gazebo_garden_becter,
          minmay_misc_feat_four_crosses
D:3:      xom_teletrap_fun, fedhas_altar_4, uniq_grinder
D:4:      elyvilon_altar_4
D:5:      hangedman_ru_absence, kennysheep_mini_moat, first_bread,
          nicolae_zen_rock_garden, nicolae_sextant, uniq_duvessa

Skill      XL: |  1  2  3  4  5  6 |
---------------+-------------------+-----
Invocations    | 3 5 6 |  6.6
Armour         | 3 |  3.2
Axes           | 3 5 6 |  6.8
Fighting       | |  3.6
Dodging        | |  0.7

Action                   |  1- 3 |  4- 6 |  7- 9 || total
-------------------------+-------+-------+-------++-------
Melee: Hand axe          |   127 |   210 |    10 ||   347
Throw: Javelin           |     2 |       |       ||     2
Invok: Depart the Abyss  |     1 |       |       ||     1
       Banish            |       |     1 |     2 ||     3
  Use: Scroll            |       |       |     6 ||     6
  Eat: Chunk             |     2 |     6 |     3 ||    11
